 Dungeon Crawl Stone Soup version 0.32-a0-540-g866d13106e (webtiles) character file.

Game seed: 15591938476642812643

11379 Soraphim the Severer (level 11, -1/107 HPs)
             Began as a Minotaur Gladiator on Feb 28, 2024.
             Was a High Priest of Okawaru.
             Succumbed to water moccasin's concentrated venom
             ... on level 2 of the Lair of Beasts on Feb 29, 2024.
             The game lasted 00:44:05 (11563 turns).

Soraphim the Severer (Minotaur Gladiator)          Turns: 11563, Time: 00:44:05

Health: -1/107     AC:  5    Str: 24    XL:     11   Next: 48%
Magic:  10/10      EV: 12    Int:  5    God:    Okawaru [*****.]
Gold:   591        SH:  0    Dex: 11    Spells: 10/10 levels left

rFire   + . .        E - +3 battleaxe (elec)
rCold   x . .        (shield currently unavailable)
rNeg    . . .        L - +0 troll leather armour {Pargi}
rPois   +            c - +0 hat
rElec   .            (no cloak)
rCorr   .            (no gloves)
SInv    .            u - +0 pair of boots
Will    .....        (no amulet)
Stlth   +            g - ring of poison resistance
HPRegen 1.17/turn    N - ring of fire
MPRegen 0.12/turn

%: no passive effects
@: lethally poisoned (-1 -> -20), slowed, very slow
A: horns 2, retaliatory headbutt
a: Renounce Religion, Heroism, Finesse, Duel


You were on level 2 of the Lair of Beasts.
You worshipped Okawaru.
Okawaru was extremely pleased with you.
You visited 3 branches of the dungeon, and saw 14 of its levels.
You also visited: Sewer and Ossuary.

You collected 591 gold pieces.

Inventory:

Hand Weapons
 a - a +2 war axe
 E - a +3 battleaxe of electrocution (weapon)
Missiles
 z - 2 silver javelins (quivered)
 Q - a throwing net
Armour
 b - a +0 leather armour
 c - a +0 hat (worn)
 u - a +0 pair of boots (worn)
 v - a +0 ring mail
 A - +0 shadow dragon scales
 L - a +0 troll leather armour (worn) {Pargi}
Jewellery
 g - a ring of poison resistance (left hand)
 B - a ring of protection from cold
 G - a ring of wizardry
 N - a ring of fire (right hand)
 R - a ring of protection from fire
 S - a +6 ring of intelligence
 U - a +5 ring of evasion
Wands
 d - a wand of polymorph (11)
 o - a wand of flame (2)
 p - a wand of roots (9)
 w - a wand of digging (3)
 K - a wand of paralysis (12)
 T - a wand of quicksilver (5)
Scrolls
 e - a scroll of torment {unknown}
 i - 4 scrolls of poison
 q - a scroll of fear
 r - 4 scrolls of amnesia
 s - 6 scrolls of teleportation
 y - 3 scrolls of revelation
 C - a scroll of fog
 J - 2 scrolls of enchant armour {unknown}
 M - a scroll of immolation
 O - a scroll of identify
 V - a scroll of vulnerability
Potions
 f - a potion of curing
 h - 2 potions of haste
 j - a potion of resistance {unknown}
 k - 2 potions of berserk rage
 l - 5 potions of might
 m - 2 potions of heal wounds
 n - 2 potions of lignification
 t - 4 potions of mutation
 x - a potion of cancellation {unknown}
 D - 2 potions of brilliance {unknown}
 F - 2 potions of degeneration {unknown}
 H - a potion of ambrosia {unknown}
 I - 2 potions of attraction {unknown}
 P - a potion of magic {unknown}


   Skills:
 + Level 13.0 Fighting
 * Level 15.9 Axes
 - Level 2.0 Throwing
 + Level 8.0 Armour
 - Level 3.2 Dodging


You had 10 spell levels left.
You didn't know any spells.
Your spell library contained the following spells:

 Spells                   Type           Power      Damage    Failure   Level
 Freeze                   Ice            0%         1d3       52%         1
 Sublimation of Blood     Necr           0%         N/A       65%         2
 Frozen Ramparts          Ice            0%         1d1       87%         3
 Fugue of the Fallen      Necr           0%         N/A       87%         3
 Hailstorm                Conj/Ice       0%         3d5       87%         3
 Ozocubu's Armour         Ice            0%         N/A       87%         3
 Manifold Assault         Tloc           0%         N/A       99%         4
 Petrify                  Alch/Erth      0%         N/A       99%         4
 Arcjolt                  Conj/Air       0%         1d10      100%        5
 Freezing Cloud           Conj/Ice/Air   0%         6-21      100%        5
 Irradiate                Conj/Alch      0%         3d11      100%        5
 Silence                  Hex/Air        0%         N/A       100%        5
 Borgnjor's Revivificati  Necr           0%         N/A       100%        8
 Spellforged Servitor     Conj/Summ      Unusable   N/A       N/A         7

Dungeon Overview and Level Annotations

Branches:
Dungeon (10/15)            Temple (0/1) D:5            Lair (1/5) D:10
    Orc (2/2) D:10          Sewer (visited)         Ossuary (visited)
    Elf: Orc:2

Altars:
Cheibriados
Hepliaklqana
Makhleb
Okawaru
Ru
Trog
Uskayaw
Vehumet
Xom
The Shining One

Shops:
D:2 ?**   D:7 :   D:9 ?   Orc:1 (

Annotations:
D:6 2 runed translucent doors, jasper's ghost, novice MfSh
D:7 Maurice; yleetSyT's ghost, novice DrWn
D:10 2 runed translucent doors
Lair:2 Amaemon; Urug


Innate Abilities, Weirdness & Mutations

You have a pair of horns on your head.
You reflexively headbutt those who attack you in melee.


Message History

The orange demon stings you but does no damage.
Amaemon casts a spell.
Urug zaps a wand.
You suddenly lose the ability to move!
The orange demon stings you from afar!
You are poisoned.
You have difficulty breathing.
You feel yourself slow down.
You feel extremely sick.
The water moccasin bites you but does no damage.
The orange demon stings you from afar. You resist.
You feel very sick. The water moccasin bites you!
* * * LOW HITPOINT WARNING * * *
Amaemon casts a spell at the scorpion.
The scorpion's venom grows more potent.
Urug throws a javelin.
The javelin pierces through you.
* * * LOW HITPOINT WARNING * * *
The orange demon barely misses you. The water moccasin bites you.
* * * LOW HITPOINT WARNING * * *
You are more poisoned.
You have difficulty breathing.
* * * LOW HITPOINT WARNING * * *
You feel as though you will be slow longer.
You can move again.
Unknown command.
You slash the water moccasin!
The water moccasin is severely wounded.
You slice the plant!!
The plant begins to die.
* * * LOW HITPOINT WARNING * * *
You feel extremely sick. The water moccasin closely misses you.
The orange demon stings you from afar!
* * * LOW HITPOINT WARNING * * *
The scorpion stings you but does no damage.
The water moccasin misses you.
Unknown command.
You slice the water moccasin!!
You kill the water moccasin!
Okawaru accepts your kill.
You slash the scorpion! You slash the plant!
You hit the scorpion but do no damage.
You die...

######## #########
.#..P..###P#.##P@####
......#........s†s..#
......#.....o...46...#
......#............P.#
......#............#....
......................#.
......##............P..#
......##...........###..
......##............#


You could see Amaemon, Urug, an orange demon (curare) and 2 scorpions.

Vanquished Creatures
  A fire crab (D:10)
  A black mamba (Lair:1)
  A cane toad (Lair:1)
  4 komodo dragons
  Psyche (D:10)
  An efreet (D:9)
  A queen bee (D:8)
  Prince Ribbit (Lair:2)
  Grinder (D:6)
  3 blink frogs (Lair:2)
  3 wyverns
  Eustachio (D:5)
  A steam dragon (D:9)
  A warg (D:10)
  3 vampire mosquitoes (D:10)
  2 acid dragons
  4 water moccasins
  7 orc warriors
  2 sky beasts
  Pargi (Sewer)
  3 black bears
  2 ice beasts (D:6)
  2 ogres
  4 centaurs
  A brain worm (Sewer)
  6 bullfrogs
  2 scorpions
  8 wights
  29 killer bees
  5 howler monkeys
  3 jellies
  6 hounds
  11 orc priests
  2 iguanas
  Jessica (D:2)
  Ijyb (D:5)
  Terence (D:2)
  A sleepcap (D:4)
  13 orc wizards
  8 mummies (Ossuary)
  7 gnolls
  A river rat (D:5)
  8 adders
  3 dart slugs
  2 ribbon worms
  40 orcs
  12 endoplasms
  4 giant cockroaches
  11 goblins
  2 hobgoblins
  3 jackals (D:4)
  9 kobolds
  3 quokkas
  9 ball pythons
  13 bats
  A frilled lizard (D:3)
  A gnoll zombie (Ossuary)
  3 hobgoblin zombies (Ossuary)
  3 kobold zombies (Ossuary)
  An orc zombie (Ossuary)
  14 rats
299 creatures vanquished.

Vanquished Creatures (others)
  An orc wizard (Orc:1)
1 creature vanquished.

Grand Total: 300 creatures vanquished

Notes
Turn   | Place    | Note
-------+----------+-------------------------------------------
     0 | D:1      | Soraphim the Minotaur Gladiator began the quest for the
                  | Orb.
     0 | D:1      | Reached XP level 1. HP: 18/18 MP: 0/0
   120 | D:1      | Reached skill level 4 in Axes
   157 | D:1      | Reached XP level 2. HP: 25/25 MP: 1/1
   260 | D:1      | Reached skill level 5 in Axes
   342 | D:1      | Reached XP level 3. HP: 14/30 MP: 2/2
   764 | D:2      | Found Huyntual's Magic Scroll Shop.
   959 | D:2      | Found Reckoitierch's General Store.
  1181 | D:2      | Found a faded altar of an unknown god.
  1383 | D:2      | Found Tisitzieh's General Store.
  1408 | D:2      | Reached skill level 6 in Axes
  1408 | D:2      | Reached XP level 4. HP: 31/37 MP: 3/3
  1456 | D:2      | Noticed Terence
  1471 | D:2      | Killed Terence
  1570 | D:2      | Noticed Jessica
  1573 | D:2      | Killed Jessica
  1700 | D:3      | Found an iron altar of Okawaru.
  1705 | D:3      | Became a worshipper of Warmaster Okawaru
  1714 | D:3      | Found a sacrificial altar of Ru.
  1728 | D:3      | Reached skill level 7 in Axes
  1728 | D:3      | Reached XP level 5. HP: 38/42 MP: 4/4
  2306 | D:3      | Reached skill level 8 in Axes
  2409 | D:3      | Upgraded the game from 0.32-a0-520-g344ed53f66 to
                  | 0.32-a0-540-g866d13106e
  2428 | D:3      | Reached XP level 6. HP: 39/50 MP: 5/5
  3003 | D:4      | Reached skill level 9 in Axes
  3046 | D:4      | You fall into a shaft and drop 3 floors!
  3073 | D:7      | Reached * piety under Okawaru
  3107 | D:7      | Reached XP level 7. HP: 39/58 MP: 6/6
  3192 | D:7      | Noticed Maurice
  3238 | D:7      | Noticed yleetSyT's ghost (novice DrWn)
  3238 | D:7      | Something stole 3 throwing nets
  3241 | D:7      | Something stole 210 gold
  3256 | D:7      | HP: 3/60 [disintegration (8)]
  3501 | D:6      | Reached skill level 5 in Fighting
  3594 | D:6      | Noticed Grinder
  3647 | D:6      | Paralysed by Grinder for 3 turns
  3653 | D:6      | Paralysed by Grinder for 3 turns
  3660 | D:6      | Paralysed by Grinder for 4 turns
  3674 | D:6      | Killed Grinder
  3674 | D:6      | Reached ** piety under Okawaru
  3675 | D:6      | Reached skill level 10 in Axes
  3675 | D:6      | Reached XP level 8. HP: 44/71 MP: 7/7
  3698 | D:6      | Got the Catalogue of Exhalation
  4135 | D:5      | Entered Level 5 of the Dungeon
  4145 | D:5      | Found a sand-covered staircase.
  4162 | Ossuary  | Entered an ossuary
  4354 | D:5      | Found a staircase to the Ecumenical Temple.
  4358 | D:5      | Noticed Ijyb
  4371 | D:5      | Paralysed by Ijyb for 5 turns
  4389 | D:5      | Killed Ijyb
  4518 | D:5      | Identified the +1 ring mail of the Bashing Gods {Regen+
                  | Int+2 Dex+3 Stlth-}
  4559 | D:5      | Found a glowing drain.
  4579 | Sewer    | Entered a sewer
  4612 | Sewer    | Noticed Pargi
  4618 | Sewer    | Killed Pargi
  4640 | Sewer    | Got the Catalogue of Glowing Nightshade
  4740 | D:5      | Reached *** piety under Okawaru
  4741 | D:5      | Reached skill level 11 in Axes
  4868 | D:5      | Noticed Eustachio
  4903 | D:5      | Killed Eustachio
  4904 | D:5      | Reached XP level 9. HP: 80/85 MP: 8/8
  4952 | D:5      | Reached skill level 10 in Fighting
  5247 | D:4      | Found a burning altar of Makhleb.
  5247 | D:4      | Noticed a blizzard demon
  6133 | D:5      | Found a snail-covered altar of Cheibriados.
  6136 | D:5      | Found a bloodstained altar of Trog.
  6139 | D:5      | Found a glowing golden altar of the Shining One.
  6311 | D:6      | Reached skill level 1 in Armour
  6633 | D:6      | Found a runed translucent door.
  6634 | D:6      | Noticed jasper's ghost (novice MfSh)
  6683 | D:6      | Reached skill level 12 in Axes
  6732 | D:6      | Found a runed translucent door.
  6986 | D:7      | Found Ufyb's Vocational Training.
  7002 | D:7      | Reached **** piety under Okawaru
  7051 | D:7      | Something stole a javelin
  7052 | D:7      | Something stole 234 gold
  7054 | D:7      | Something stole 241 gold
  7385 | D:8      | Noticed a queen bee
  7411 | D:8      | HP: 4/89 [poisoned by a killer bee]
  7718 | D:7      | Reached XP level 10. HP: 65/96 MP: 9/9
  7786 | D:7      | Reached skill level 13 in Axes
  8287 | D:8      | Reached skill level 5 in Armour
  8576 | D:8      | Found a shimmering altar of Xom.
  8806 | D:8      | Identified the +0 dagger of Lenlih {chaos, Int+5}
  9018 | D:9      | Reached skill level 14 in Axes
  9525 | D:9      | Found a hazy altar of Hepliaklqana.
  9689 | D:9      | Found Cuuruadgh's Magic Scroll Shoppe.
  9713 | D:9      | Identified the +2 robe "Xadgh" {rC- Dex+6}
  9918 | D:10     | Entered Level 10 of the Dungeon
  9918 | D:10     | Found a staircase to the Orcish Mines.
  9943 | Orc:1    | Entered Level 1 of the Orcish Mines
 10037 | Orc:1    | Found Wasch's Antique Weapon Boutique.
 10238 | Orc:2    | Entered Level 2 of the Orcish Mines
 10238 | Orc:2    | Noticed an orc sorcerer
 10239 | Orc:2    | Paralysed by an orc sorcerer for 4 turns
 10283 | D:10     | Found a runed translucent door.
 10283 | D:10     | Noticed an ice dragon
 10283 | D:10     | Found the +2 shield of Resistance {rF++ rC++ Will++}
 10283 | D:10     | Noticed an ice dragon
 10283 | D:10     | Noticed a fire dragon
 10285 | D:10     | Noticed a fire dragon
 10292 | D:10     | Noticed Psyche
 10298 | D:10     | Reached ***** piety under Okawaru
 10379 | D:10     | Killed Psyche
 10448 | D:10     | Found a radiant altar of Vehumet.
 10464 | D:10     | Reached XP level 11. HP: 100/105 MP: 10/10
 10507 | D:10     | Reached skill level 15 in Axes
 10551 | D:10     | Found a hide-covered altar of Uskayaw.
 10585 | D:10     | Found a staircase to the Lair.
 10585 | D:10     | Noticed a fire crab
 10602 | D:10     | Killed a fire crab
 10602 | D:10     | Received a gift from Okawaru
 10919 | D:10     | Found a runed translucent door.
 11051 | Lair:1   | Entered Level 1 of the Lair of Beasts
 11355 | Lair:1   | You fall into a shaft and drop 1 floor!
 11384 | Lair:2   | Noticed Prince Ribbit
 11414 | Lair:2   | Killed Prince Ribbit
 11515 | Lair:2   | Noticed Urug
 11515 | Lair:2   | Paralysed by Urug for 4 turns
 11552 | Lair:2   | Noticed Amaemon
 11558 | Lair:2   | Paralysed by Urug for 4 turns
 11562 | Lair:2   | HP: 5/107 [orange demon[Amaemon] (12)]
 11563 | Lair:2   | Succumbed to water moccasin's concentrated venom

Illustrated notes

Levels and vault maps discovered:
D:1:      onia_arrival_mini_maze_b, layout_rooms, st_stairs_4,
          minmay_pentomino_p2
D:2:      layout_loops_corners, hellmonk_ecumenical_altar_heavens_door,
          serial_shops, nicolae_shop_pleasant_corner_grove, shop, shop,
          uniq_jessica, uniq_terence
D:3:      wad_river_or_something, layout_basic,
          mainiacjoe_overflow_large_starburst
D:4:      layout_basic, makhleb_altar_promises_db, kennysheep_boxes
D:5:      layout_basic, grunt_temple_overflow_diamond,
          minmay_temple_entry_glass, enter_ossuary_3, serial_co_window_serial,
          co_window_paths_a, co_window_paths_a, co_window_corner_a,
          co_window_cross_1, co_window_corner_a, co_window_corner_b,
          co_window_corner_cb, co_window_corner_b, glass_columns_b,
          glass_columns_c, glass_columns_a, glass_columns_a,
          portal_sewer_entry_c, uniq_eustachio, uniq_ijyb
D:6:      layout_basic, ebering_ghost_sewer_f, uniq_grinder
D:7:      layout_loops_ring, gammafunk_ghost_icy, serial_shops,
          nicolae_shop_window_shopping, serial_bayou_ford_a,
          nicolae_shop_vocational, uniq_maurice, uniq_crazy_yiuf_cottage
D:8:      layout_loops_ring, nicolae_overflow_hidden_temple,
          nicolae_looking_at_the_future
D:9:      layout_gridville, lemuel_round_altar, serial_shops, shop
D:10:     layout_basic, nicolae_vehumet_altar_sigil,
          nicolae_overflow_crystal_walls, minmay_lair_entry_lava, orc_0_dummy,
          minmay_guarded_unrand_resistance, uniq_psyche
Lair:1:   layout_roguey, nicolae_quartered_pool_medium, serial_bayou_shore_b
Lair:2:   layout_roguey, uniq_prince_ribbit2, uniq_urug, uniq_amaemon,
          uniq_gastronok
Orc:1:    layout_caves, basic_altar, serial_shops, shop,
          nicolae_orc_hostile_takeover, uniq_sonja
Orc:2:    grunt_orc_community_town_hall, layout_caves,
          grunt_orc_community_big_house_1, grunt_orc_community_big_house_1,
          grunt_orc_community_house_2, grunt_orc_community_house_2,
          grunt_orc_community_house_1, grunt_orc_community_house_3,
          serial_shops, shop

Skill      XL: |  1  2  3  4  5  6  7  8  9 10 11 |
---------------+----------------------------------+-----
Axes           | 4 5 6 7 8 9 10 11 12 14 15 | 15.9
Fighting       | 3 6 9 11 12 13 | 13.0
Armour         | 4 6 8 |  8.0
Throwing       | |  2.0
Dodging        | |  3.2

Action                     |  1- 3 |  4- 6 |  7- 9 | 10-12 || total
---------------------------+-------+-------+-------+-------++-------
  Melee: War axe           |    80 |   100 |   295 |    44 ||   519
         Headbutt          |    11 |    19 |    63 |    34 ||   127
         Unarmed           |       |       |    10 |     2 ||    12
         Battleaxe         |       |       |       |   186 ||   186
  Throw: Throwing net      |       |     4 |     3 |     2 ||     9
 Invoke: Heroism           |       |       |     1 |     2 ||     3
    Use: Scroll            |       |       |    16 |     3 ||    19
         Potion            |       |       |     3 |     8 ||    11
   Stab: Held in net/web   |       |     1 |       |       ||     1
         Sleeping          |       |       |     1 |       ||     1
 Armour: Leather armour    |    52 |    47 |       |       ||    99
         Ring mail         |       |    12 |    70 |       ||    82
         Skin              |       |       |     8 |    17 ||    25
         Shadow dragon sca |       |       |    65 |       ||    65
         Troll leather arm |       |       |   143 |   248 ||   391
  Dodge: Dodged            |    46 |    45 |   187 |   188 ||   466
         Repelled          |       |     1 |       |       ||     1

Table legend: (Time is in decaauts)
 A = Elapsed time spent in this place.
 B = Non-inter-level travel time spent in this place.
 C = Inter-level travel time spent in this place.
 D = Time resting spent in this place.
 E = Time spent auto-exploring this place.
 F = Levels seen in this place.
 G = Mean time per level.
                   A        B        C        D        E       F      G
               +--------+--------+--------+--------+--------+-----+--------+
         Total |  11522 |  11055 |    467 |   2391 |   5753 |  16 |  720.1 |
       Dungeon |  10517 |  10058 |    459 |   2249 |   5278 |  10 | 1051.7 |
          Lair |    509 |    509 |      0 |    108 |    243 |   2 |  254.5 |
  Orcish Mines |    227 |    219 |      8 |     34 |    118 |   2 |  113.5 |
         Sewer |     96 |     96 |      0 |      0 |     20 |   1 |   96.0 |
       Ossuary |    172 |    172 |      0 |      0 |     94 |   1 |  172.0 |
               +--------+--------+--------+--------+--------+-----+--------+

Top non-repeatable levels by time:
     D:6: 1645 daAuts
     D:8: 1176 daAuts
     D:4: 1166 daAuts
     D:3: 1087 daAuts
     D:9: 1078 daAuts
     D:2: 1013 daAuts
     D:5: 984 daAuts
    D:10: 869 daAuts
     D:7: 804 daAuts
     D:1: 692 daAuts
  Lair:1: 302 daAuts
   Orc:1: 221 daAuts
  Lair:2: 206 daAuts
 Ossuary: 172 daAuts
   Sewer: 96 daAuts
